 Dungeon Sprint DCSS version 0.18.1-50-g88ac8fd (webtiles) character file.

694 Kagutsuchi the Fighter (level 7, -6/72 HPs)
             Began as a Pale Draconian Berserker on Oct 22, 2016.
             Was an Elder of Trog.
             Mangled by Menkaure (23 damage)
             ... in the Dungeon (Sprint II: "The Violet Keep of Menkaure").
             The game lasted 00:01:38 (453 turns).

Kagutsuchi the Fighter (Pale Draconian Berserker)    Turns: 453, Time: 00:01:38

Health: -6/72      AC:  6    Str: 19    XL:     7   Next: 37%
Magic:  7/7        EV: 17    Int:  8    God:    Trog [****..]
Gold:   729        SH:  0    Dex: 12    Spells: 0 memorised, 6 levels left

rFire  . . .     SeeInvis .     a - +0 falchion
rCold  . . .     Gourm    .     (armour unavailable)
rNeg   . . .     Faith    .     (no shield)
rPois  .         Spirit   .     (helmet restricted)
rElec  .         Dismiss  .     (no cloak)
rCorr  .         Reflect  .     (no gloves)
SustAt .         Harm     .     (no boots)
MR     .....     NoTele   +     (no amulet)
Stlth  +.........               (no ring)
                                (no ring)

@: exhausted, slowed, very slow, not resistant to hostile enchantments, very
unstealthy
A: breathe steam, unfitting armour, cold-blooded, AC +6
a: Breathe Steam, Berserk, Trog's Hand, Brothers in Arms, Burn Spellbooks,
Renounce Religion


You were in the Dungeon.
You worshipped Trog.
Trog was greatly pleased with you.
You were near starving.

You visited 1 branch You collected 729 gold pieces.

Inventory:

Hand Weapons
 a - a +0 falchion (weapon)
Scrolls
 h - a scroll of blinking
Potions
 c - a potion of curing
 d - a potion of heal wounds
 e - a potion of haste
 f - 2 potions of magic
 g - a potion of berserk rage
Comestibles
 b - a bread ration


   Skills:
 + Level 10.3 Fighting
 + Level 9.7 Long Blades
 + Level 9.5 Dodging


You had 6 spell levels left.
You didn't know any spells.

Dungeon Overview and Level Annotations

Branches:
Dungeon (1/1)

Altars:

Shops:
D :(!}:%!?**=[::[=

Annotations:
D exclusion: oklob plant, Menkaure


Innate Abilities, Weirdness & Mutations

You can breathe blasts of scalding, opaque steam.
Your pale cyan-grey scales are hard (AC +6).
Your body does not fit into most forms of armour.
You are cold-blooded and may be slowed by cold attacks.


Message History

Menkaure barely misses you.
You hit Menkaure.
Menkaure is lightly damaged.
Menkaure calls on the powers of darkness!
Your body is wracked with pain!
You hit Menkaure but do no damage.
Menkaure is lightly damaged.
Menkaure closely misses you. Menkaure misses you.
You hit Menkaure. You tail-slap Menkaure.
Menkaure is moderately damaged.
Menkaure misses you.
You barely miss Menkaure.
Menkaure is moderately damaged.
Menkaure calls on the powers of darkness!
Your body is wracked with pain!
* * * LOW HITPOINT WARNING * * *
You barely miss Menkaure.
Menkaure is moderately damaged.
Menkaure hits you!!
You die...

##########≈≈≈...
#.....∩.∩#≈≈≈≈.## ##
#....∩.∩.#≈≈≈≈##. .## #
#...∩.∩..#≈≈≈≈#..#..# .
#..∩.∩...#≈≈####.).#### .
#.⌠.∩....#≈##.###'# #.##.
#..∩.∩...#≈###†##.###..#.
#...∩.∩.@M≈'.##'.<.'.##'.
#....∩.∩.#≈#..†##.###..#.
▓▓▓▓▓▓▓###≈##.###'###.##.
#(YY######≈≈####.#.#### ≈
#?hY# ##≈≈≈#.###.# ≈ #∩Ph
+#≈##.#.## ≈ #!. ≈≈##'##
≈ #?) #≈≈≈≈≈≈≈≈≈≈≈
#+++#+++#≈≈§


You could see a hell hog, an oklob plant, 3 yaks and Menkaure.

Vanquished Creatures
  A siren (D)
  2 hippogriffs (D)
  4 worker ants (D)
  3 worms (D)
10 creatures vanquished.

Vanquished Creatures (others)
  A crocodile (D)
1 creature vanquished.

Grand Total: 11 creatures vanquished

Notes
Turn   | Place    | Note
--------------------------------------------------------------
     0 | D        | Kagutsuchi the Draconian Berserker began the quest for the Orb.
     0 | D        | Reached XP level 1. HP: 19/19 MP: 1/1
     1 | D        | Noticed a worker ant
     1 | D        | Noticed a worker ant
     2 | D        | Noticed a worker ant
     2 | D        | Noticed a worker ant
     5 | D        | Noticed a hippogriff
     5 | D        | Noticed a hippogriff
    10 | D        | Killed a hippogriff
    10 | D        | Reached skill level 6 in Fighting
    10 | D        | Reached skill level 5 in Dodging
    10 | D        | Reached XP level 2. HP: 24/31 MP: 2/2
    10 | D        | Reached XP level 3. HP: 29/38 MP: 3/3
    10 | D        | Reached XP level 4. HP: 35/45 MP: 4/4
    18 | D        | Killed a hippogriff
    18 | D        | Reached ** piety under Trog
    18 | D        | Reached skill level 8 in Fighting
    18 | D        | Reached XP level 5. HP: 34/56 MP: 5/5
    23 | D        | Killed a crocodile
   202 | D        | Reached XP level 6. HP: 57/62 MP: 6/6
   218 | D        | Reached skill level 9 in Fighting
   226 | D        | Reached *** piety under Trog
   238 | D        | Noticed an orange crystal statue
   327 | D        | Reached **** piety under Trog
   416 | D        | Noticed a siren
   430 | D        | Killed a siren
   430 | D        | Reached skill level 10 in Fighting
   430 | D        | Your scales start taking on a pale cyan-grey colour.
   430 | D        | Reached XP level 7. HP: 51/72 MP: 7/7
   439 | D        | Found Imehi's Antique Armour Emporium.
   439 | D        | Found Gakleb's General Store.
   439 | D        | Found Plog's General Store.
   439 | D        | Found Parcheps's Magic Scroll Shoppe.
   439 | D        | Found Istrav's Antique Armour Shoppe.
   439 | D        | Found Xuakhyr's Distillery.
   440 | D        | Found Ymuclock's Book Shoppe.
   440 | D        | Found Pimmudaeb's Gadget Emporium.
   440 | D        | Found Usuf's Book Shoppe.
   440 | D        | Found Umua's Jewellery Shoppe.
   440 | D        | Found Ziqic's Jewellery Emporium.
   441 | D        | Found Ikupp's Distillery.
   441 | D        | Found Suwnegot's Antique Weapon Emporium.
   441 | D        | Noticed a yak
   442 | D        | Found Fuhaditu's Book Shoppe.
   442 | D        | Found Budutead's Food Emporium.
   442 | D        | Noticed a yak
   443 | D        | Noticed Menkaure
   443 | D        | Noticed an oklob plant
   444 | D        | Noticed a yak
   444 | D        | Noticed a hell hog
   444 | D        | Found Soxtomem's Book Shoppe.
   444 | D        | Noticed a hell hog
   453 | D        | Mangled by Menkaure

Skill      XL: |  1  2  3  4  5  6 |
---------------+-------------------+-----
Fighting       | 6 8 10 | 10.3
Long Blades    | 6 7 9 |  9.7
Dodging        | 5 7 9 |  9.5

Action                   |  1- 3 |  4- 6 |  7- 9 || total
-------------------------+-------+-------+-------++-------
Melee: Falchion          |     4 |    60 |     5 ||    69
       Tailslap          |     1 |     4 |     1 ||     6
Invok: Berserk           |     1 |     2 |       ||     3
Armor: Skin              |     1 |     8 |       ||     9
Dodge: Dodged            |     2 |    37 |     4 ||    43
